 Dungeon Crawl Stone Soup version 0.31-a0-188-g5e087ee2ca (webtiles) character file.

Game seed: 5118087044672447884

1443 qw the Skirmisher (level 8, 0/46 HPs)
             Began as a Deep Elf Hunter on June 23, 2023.
             Was an Initiate of Okawaru.
             Slain by a shadow imp (4 damage)
             ... on level 7 of the Dungeon.
             The game lasted 00:01:56 (5658 turns).

qw the Skirmisher (Deep Elf Hunter)                 Turns: 5658, Time: 00:01:57

Health: 0/46       AC:  8    Str: 10    XL:     8   Next: 46%
Magic:  10/10      EV: 12    Int: 15    God:    Okawaru [......]
Gold:   299        SH:  5    Dex: 18    Spells: 7/7 levels left

rFire   . . .        m - +0 arbalest (heavy)
rCold   . . .        (shield currently unavailable)
rNeg    . . .        i - +0 ring mail
rPois   .            k - +1 helmet
rElec   .            f - +0 cloak
rCorr   .            (no gloves)
SInv    .            (no boots)
Will    .....        h - amulet of reflection
Stlth   +            (no ring)
HPRegen 0.27/turn    (no ring)
MPRegen 0.12/turn

%: reflection
@: lethally poisoned (0 -> -13), marked
A: no striking features
a: Renounce Religion


You were on level 7 of the Dungeon.
You worshipped Okawaru.
Okawaru was noncommittal.
You visited 2 branches of the dungeon, and saw 8 of its levels.

You collected 332 gold pieces.
You spent 33 gold pieces at shops.


   Skills:
 - Level 3.0 Fighting
 + Level 13.1 Ranged Weapons
 - Level 1.4 Armour
 - Level 4.1 Dodging
 - Level 1.2 Stealth


You had 7 spell levels left.
You didn't know any spells.
Your spell library was empty.

Inventory:

Hand Weapons
 m - a +0 heavy arbalest (weapon)
Armour
 f - a +0 cloak (worn)
 i - a +0 ring mail (worn)
 k - a +1 helmet (worn)
Jewellery
 h - an amulet of reflection (around neck)
Scrolls
 e - a scroll of identify
 g - 2 scrolls of teleportation
Potions
 b - a potion of lignification {unknown}
 c - a potion of brilliance {unknown}
 d - 2 potions of might
 j - a potion of curing {unknown}

Dungeon Overview and Level Annotations

Branches:
Dungeon (7/15)             Temple (1/1) D:6

Altars:
Cheibriados
Dithmenos
Elyvilon
Fedhas
Nemelex Xobeh
Okawaru
Ru
Sif Muna
Vehumet
Wu Jian
Xom
Yredelemnul
Zin

Shops:
D:2 *   D:3 *

Annotations:
D:3 exclusion: 2 iron imps


Message History

A kobold comes into view. It is wielding a +0 dagger.
The killer bee stings you but does no damage.
The killer bee closely misses you.
The killer bee stings you but does no damage.
You shoot a bolt. The bolt hits the killer bee!!
You kill the killer bee!
Okawaru accepts your kill.
You feel very sick. The killer bee stings you!
The killer bee stings you but does no damage.
A bullfrog comes into view.
The shadow imp barely misses you.
The killer bee stings you but does no damage.
The shadow imp hits you.
A kobold brigand comes into view.
It is wielding a +0 dagger and quivering poisoned darts.
A bullfrog comes into view.
A black bear comes into view.
You block the killer bee's attack.
You shoot a bolt. The bolt misses the killer bee.
You feel sick.
The killer bee stings you but does no damage.
The killer bee barely misses you. The shadow imp closely misses you.
The killer bee barely misses you. The bullfrog closely misses you.
A kobold comes into view. It is wielding a +0 short sword.
The shadow imp hits you. The steam dragon barely misses you.
The steam dragon claws you. The killer bee barely misses you.
The bullfrog closely misses you.
You shoot a bolt.
The bolt closely misses the steam dragon.
The bolt hits the kobold.
The kobold is moderately wounded.
You feel sick.
The killer bee stings you but does no damage.
The killer bee stings you.
You are lethally poisoned!
The killer bee poisons you! The bullfrog hits you.
The steam dragon completely misses you. The steam dragon claws you.
The shadow imp closely misses you. You block the killer bee's attack.
The bullfrog hits you but does no damage.
The shadow imp hits you.
You die...

...##.##
#.#...).# #
..##..#
#)#...###.#
......
#....)....#
.....
#.###...#.##
....
#.)#.......#
....
##...##...##..
....
#.##..######.
#.#.##........
#.y@D.K.K....
#....F5K..####..
#.##.F.h####
#....## #.....
%.....# #...##
#...


You could see a steam dragon, a black bear, a kobold brigand, 2 bullfrogs, a
killer bee, a shadow imp and 2 kobolds.

Vanquished Creatures
  An orc warrior (D:5)
  A black bear (D:6)
  An ogre (D:4)
  A centaur (D:5)
  A phantom (D:5)
  A gnoll sergeant (D:6)
  3 scorpions
  2 killer bees (D:7)
  3 hounds
  A jelly (D:3)
  4 orc priests
  2 iguanas (D:5)
  7 orc wizards
  9 gnolls
  4 adders
  A white imp (D:6)
  2 ufetubi (D:5)
  2 worms (D:3)
  6 dart slugs
  16 orcs
  4 bats
  4 endoplasms
  5 giant cockroaches
  5 hobgoblins
  7 jackals
  8 quokkas
  4 ball pythons
  3 frilled lizards
  5 goblins
  3 kobolds
  9 rats
125 creatures vanquished.

Vanquished Creatures (others)
  An orc (D:3)
  A jackal (D:3)
  A rat (D:3)
3 creatures vanquished.

Grand Total: 128 creatures vanquished

Notes
Turn   | Place    | Note
-------+----------+-------------------------------------------
     0 | D:1      | qw the Deep Elf Hunter began the quest for the Orb.
     0 | D:1      | Reached XP level 1. HP: 12/12 MP: 3/3
     0 | D:1      | 0 ||| qw: Version: 0.3-a-9-g12657ce
     0 | D:1      | 0 ||| qw: Game counter: 3242
     0 | D:1      | 0 ||| qw: Always use a shield: true
     0 | D:1      | 0 ||| qw: God list: Okawaru
     0 | D:1      | 0 ||| qw: Allow faded altars: false
     0 | D:1      | 0 ||| qw: Do Orc after D:15 true
     0 | D:1      | 0 ||| qw: Do second Lair branch before Depths: true
     0 | D:1      | 0 ||| qw: Lair rune preference: random
     0 | D:1      | 0 ||| qw: Plans: Normal
     0 | D:1      | 0 ||| PLANNING D:1-11
   162 | D:1      | Reached XP level 2. HP: 16/16 MP: 4/4
   163 | D:1      | Reached skill level 6 in Ranged Weapons
   789 | D:1      | 789 ||| READING scroll labelled ZIGAQ XETEL.
   790 | D:1      | 790 ||| READING scroll labelled MIRODWI ILAE.
   791 | D:1      | 791 ||| DROPPING scroll of butterflies.
  1072 | D:2      | Reached XP level 3. HP: 16/20 MP: 5/5
  1113 | D:2      | Found Hockocarch's General Store.
  1120 | D:2      | 1120 ||| SHOPLISTING +0 leather armour of Sotecwil {+Blink
                  | rC+ rN+ Int-3} (271 gold, have 87).
  1120 | D:2      | 1120 ||| SHOPLISTING +6 ring of dexterity (468 gold, have
                  | 87).
  1563 | D:2      | Reached skill level 7 in Ranged Weapons
  1572 | D:2      | 1572 ||| UPGRADING to +0 scale mail.
  1582 | D:2      | 1582 ||| DROPPING +0 leather armour.
  1583 | D:2      | 1583 ||| UPGRADING to +0 cloak.
  1588 | D:2      | 1588 ||| READING scroll labelled GAACAU VOUPUE.
  1589 | D:2      | 1589 ||| READING 3 scrolls labelled LUGABE YKILO.
  1590 | D:2      | 1590 ||| DRINKING 2 cyan potions.
  1591 | D:2      | 1591 ||| DROPPING potion of invisibility.
  1592 | D:2      | 1592 ||| DROPPING 2 scrolls of noise.
  1735 | D:3      | Reached XP level 4. HP: 10/25 MP: 6/6
  1737 | D:3      | HP: 6/25 [worm (3)]
  1740 | D:3      | HP: 1/25 [worm (3)]
  1890 | D:3      | Reached skill level 8 in Ranged Weapons
  1942 | D:3      | Found Tympativ's General Store.
  1950 | D:3      | 1950 ||| SHOPLISTING +3 scale mail of fire resistance (286
                  | gold, have 95).
  1950 | D:3      | 1950 ||| BUYING scroll of teleportation (33 gold).
  1950 | D:3      | Bought a scroll of teleportation for 33 gold pieces
  2099 | D:3      | 2099 ||| UPGRADING to +0 ring mail.
  2100 | D:3      | 2100 ||| UPGRADING to +0 ring mail.
  2102 | D:3      | 2102 ||| UPGRADING to +0 ring mail.
  2104 | D:3      | 2104 ||| UPGRADING to +0 ring mail.
  2114 | D:3      | 2114 ||| DROPPING +0 scale mail.
  2115 | D:3      | 2115 ||| UPGRADING to +0 helmet.
  2163 | D:3      | Found a shimmering altar of Xom.
  2216 | D:3      | 2216 ||| READING scroll of enchant weapon.
  2216 | D:3      | 2216 ||| ENCHANTING +1 shortbow.
  2259 | D:3      | 2259 ||| UPGRADING to amulet of reflection.
  2264 | D:3      | 2264 ||| READING scroll labelled YDAUXO ILOUCYR.
  2299 | D:4      | Reached XP level 5. HP: 29/29 MP: 7/7
  2378 | D:4      | 2378 ||| FLEEEEING.
  2456 | D:4      | 2456 ||| READING scroll of enchant weapon.
  2456 | D:4      | 2456 ||| ENCHANTING +2 shortbow.
  2514 | D:4      | Reached skill level 9 in Ranged Weapons
  2541 | D:4      | 2541 ||| Stepping ~*~*~tactically~*~*~ (outnumbered).
  2732 | D:4      | Reached skill level 1 in Armour
  2732 | D:4      | Reached XP level 6. HP: 27/35 MP: 8/8
  2860 | D:4      | HP: 2/35 [ogre/+0 giant spiked club (33)]
  2861 | D:4      | 2861 ||| READING 3 scrolls of teleportation.
  3013 | D:4      | 3013 ||| READING scroll labelled CINNEPLUSI.
  3114 | D:4      | 3114 ||| READING scroll labelled BAIWEU OKISA.
  3115 | D:4      | 3115 ||| DRINKING 3 fuming purple potions.
  3124 | D:5      | Entered Level 5 of the Dungeon
  3125 | D:5      | 3125 ||| PLANNING OSSUARY
  3128 | D:5      | Reached skill level 10 in Ranged Weapons
  3146 | D:5      | 3146 ||| SWAPPING to +0 orcbow.
  3147 | D:5      | 3147 ||| DROPPING +3 shortbow.
  3207 | D:5      | Noticed an orc warrior
  3219 | D:5      | 3219 ||| Stepping ~*~*~tactically~*~*~ (outnumbered).
  3219 | D:5      | HP: 6/35 [orc warrior/+0 short sword (4)]
  3220 | D:5      | 3220 ||| READING 2 scrolls of teleportation.
  3222 | D:5      | Killed an orc warrior
  3223 | D:5      | Reached XP level 7. HP: 9/40 MP: 9/9
  3543 | D:5      | 3543 ||| FLEEEEING.
  3544 | D:5      | 3544 ||| FLEEEEING.
  3546 | D:5      | 3546 ||| FLEEEEING.
  3547 | D:5      | 3547 ||| FLEEEEING.
  3548 | D:5      | 3548 ||| FLEEEEING.
  3549 | D:5      | 3549 ||| FLEEEEING.
  3550 | D:5      | 3550 ||| FLEEEEING.
  3551 | D:5      | 3551 ||| FLEEEEING.
  3556 | D:5      | 3556 ||| FLEEEEING.
  3557 | D:5      | 3557 ||| FLEEEEING.
  3558 | D:5      | 3558 ||| FLEEEEING.
  3559 | D:5      | 3559 ||| FLEEEEING.
  3560 | D:5      | 3560 ||| FLEEEEING.
  3564 | D:5      | 3564 ||| FLEEEEING.
  3565 | D:5      | 3565 ||| FLEEEEING.
  3566 | D:5      | 3566 ||| FLEEEEING.
  3692 | D:5      | Reached skill level 11 in Ranged Weapons
  3799 | D:5      | Found a sand-covered staircase.
  3847 | D:5      | Found a glowing silver altar of Zin.
  3848 | D:5      | Noticed an angel
  3893 | D:5      | 3893 ||| RIP OSSUARY
  3904 | D:5      | 3904 ||| PLANNING D:1-11
  3904 | D:5      | 3904 ||| SWAPPING to +0 arbalest.
  3905 | D:5      | 3905 ||| DROPPING +0 orcbow.
  4258 | D:5      | 4258 ||| Stepping ~*~*~tactically~*~*~ (outnumbered).
  4262 | D:5      | 4262 ||| Stepping ~*~*~tactically~*~*~ (outnumbered).
  4425 | D:5      | 4425 ||| READING 2 scrolls labelled OCABOI VUIC.
  4426 | D:5      | 4426 ||| READING scroll of brand weapon.
  4426 | D:5      | 4426 ||| BRANDING +0 arbalest of flaming.
  4427 | D:5      | 4427 ||| READING scroll labelled LAUNUNLUBLO.
  4428 | D:5      | 4428 ||| READING scroll labelled QOX XOURELEE.
  4496 | D:6      | Found a radiant altar of Vehumet.
  4502 | D:6      | Found a shimmering blue altar of Sif Muna.
  4617 | D:6      | Found a sparkling altar of Nemelex Xobeh.
  4630 | D:6      | Found a staircase to the Ecumenical Temple.
  4631 | D:6      | 4631 ||| PLANNING TEMPLE
  4631 | D:6      | 4631 ||| READING scroll labelled POGHU CAQEO.
  4704 | D:6      | 4704 ||| READING 2 scrolls of identify.
  4704 | D:6      | 4704 ||| IDENTIFYING silvery potion
  4705 | D:6      | 4705 ||| DROPPING potion of berserk rage.
  4708 | D:6      | Reached skill level 12 in Ranged Weapons
  4721 | D:6      | Reached XP level 8. HP: 23/45 MP: 10/10
  4804 | Temple   | Entered the Ecumenical Temple
  4911 | Temple   | 4911 ||| PLANNING OKAWARU WORSHIP
  4962 | Temple   | Became a worshipper of Warmaster Okawaru
  4963 | Temple   | 4963 ||| PLANNING D:1-11
  4991 | D:6      | Reached skill level 3 in Fighting
  5392 | D:6      | Found a sacrificial altar of Ru.
  5591 | D:7      | Found a snail-covered altar of Cheibriados.
  5605 | D:7      | 5605 ||| Stepping ~*~*~tactically~*~*~ (outnumbered).
  5642 | D:7      | 5642 ||| READING scroll of enchant armour.
  5642 | D:7      | 5642 ||| ENCHANTING +0 helmet.
  5654 | D:7      | Reached skill level 13 in Ranged Weapons
  5658 | D:7      | HP: 11/46 [killer bee (5)]
  5658 | D:7      | HP: 4/46 [steam dragon (2)]
  5658 | D:7      | Slain by a shadow imp

Levels and vault maps discovered:
D:1:      mrwooster_arrival_statue_2, layout_basic, serial_corexii_hall,
          corexii_hall_statues_u, chequers_hall_statues_y,
          corexii_hall_statues_l, chequers_hall_statues_wall_a
D:2:      layout_basic, serial_shops, shop
D:3:      layout_rooms, demons_altar, xom_confusion_cloud, serial_shops,
          nicolae_shop_tiny_statue_garden
D:4:      layout_cave_pools
D:5:      layout_basic, zin_angel, nicolae_ossuary_entry_false_entrances
D:6:      layout_loops_cross, overflow_temple_1_default,
          nicolae_ru_path_of_blood, minitemple, minmay_temple_entry_grid
D:7:      hellmonk_ruined_rings, layout_basic, lemuel_round_altar,
          lemuel_round_altar
Temple:   hellmonk_temple_flake

Skill      XL: |  1  2  3  4  5  6  7  8 |
---------------+-------------------------+-----
Ranged Weapons | 6 7 8 9 10 12 13 | 13.1
Fighting       | 2 3 |  3.0
Armour         | 1 |  1.4
Dodging        | 4 |  4.1
Stealth        | |  1.2

Action                     |  1- 3 |  4- 6 |  7- 9 || total
---------------------------+-------+-------+-------++-------
   Fire: Shortbow          |   117 |   124 |       ||   241
         Orcbow            |       |    16 |    50 ||    66
         Arbalest          |       |       |    61 ||    61
    Use: Scroll            |     4 |     7 |     7 ||    18
         Potion            |     1 |     1 |       ||     2
 Armour: Leather armour    |     4 |       |       ||     4
         Scale mail        |    16 |     6 |       ||    22
         Ring mail         |       |     9 |    33 ||    42
  Dodge: Dodged            |    24 |    18 |    38 ||    80
  Block: Other             |       |    12 |    16 ||    28
         Reflection        |       |     3 |       ||     3

Table legend:
 A = Non-vault XP
 B = Vault XP
 C = Vault XP percentage of total XP
 D = Non-vault monster count
 E = Vault monster count
 F = Vault count percentage of total count
                 A         B        C        D         E       F
            +---------+---------+-------+---------+---------+-------
      Total |    2053 |       9 |   0.4 |     121 |       5 |   4.0
            +---------+---------+-------+---------+---------+-------
        D:1 |      20 |       0 |   0.0 |      14 |       0 |   0.0
        D:2 |      43 |       0 |   0.0 |      17 |       0 |   0.0
        D:3 |     122 |       9 |   6.9 |      20 |       5 |  20.0
        D:4 |     332 |       0 |   0.0 |      24 |       0 |   0.0
        D:5 |     772 |       0 |   0.0 |      25 |       0 |   0.0
        D:6 |     470 |       0 |   0.0 |      13 |       0 |   0.0
        D:7 |     294 |       0 |   0.0 |       8 |       0 |   0.0
            +---------+---------+-------+---------+---------+-------
